 Dungeon Crawl Stone Soup version 0.17.1-2-g5865329 (webtiles) character file.

24219 ImaNewbie the Impaler (level 13, -5/159 HPs)
             Began as a Merfolk Berserker on Jan 31, 2016.
             Was a High Priest of Trog.
             Slain by an orc warrior
             ... wielding a +0 war axe
              (7 damage)
             ... on level 3 of the Orcish Mines.
             The game lasted 01:38:40 (19904 turns).

ImaNewbie the Impaler (Merfolk Berserker)          Turns: 19904, Time: 01:38:40

Health: -5/159     AC: 13    Str: 30    XL:     13   Next: 11%
Magic:  20/20      EV: 14    Int:  6    God:    Trog [*****.]
Gold:   1420       SH:  6    Dex: 14    Spells: 0 memorised, 12 levels left

rFire  . . .     SeeInvis +     R - +0 trident
rCold  . . .     Clarity  +     U - +3 leather armour
rNeg   . . .     SustAt   .     a - +2 buckler {reflect}
rPois  +         Gourm    .     (no helmet)
rElec  .         Spirit   .     N - +2 cloak
rCorr  .         Warding  .     V - +2 pair of gloves {Str+3}
rMut   .         Stasis   .     (no boots)
MR     .....                    K - amulet of clarity
Stlth  ..........               l - ring of poison resistance
                                I - ring of see invisible

@: berserking (expiring), heavily drained, very quick, not resistant to hostile
enchantments, extremely unstealthy
A: change form in water, swift swim, blink, subdued magic 1
a: Blink, Berserk, Trog's Hand, Brothers in Arms, Burn Spellbooks, Renounce
Religion


You were on level 3 of the Orcish Mines.
You worshipped Trog.
Trog was extremely pleased with you.
You were hungry.

You visited 3 branches of the dungeon, and saw 16 of its levels.
You also visited: Ossuary and Bailey.

You collected 1420 gold pieces.

Inventory:

Hand Weapons
 x - a +0 blowgun
 R - a +0 trident (weapon)
Missiles
 r - 48 poisoned needles
Armour
 a - a +2 buckler of reflection (worn)
 b - a +1 buckler of protection
 f - the +3 hat of Pondering {ponderous, MR+ MP+10 Int+5}
   (You found it on level 4 of the Dungeon)

   It affects your intelligence (+5).
   It affects your resistance to hostile enchantments.
   It affects your magic capacity (+10).
 L - a +2 robe of fire resistance
 N - a +2 cloak (worn)
 U - a +3 leather armour (worn)
 V - a +2 pair of gloves of strength (worn)
Jewellery
 k - an uncursed ring of sustain attributes
 l - a ring of poison resistance (right hand)
 y - a +2 ring of strength
 D - an uncursed ring of protection from cold
 G - an uncursed amulet of stasis
 I - a ring of see invisible (left hand)
 J - a +2 ring of dexterity
 K - an amulet of clarity (around neck)
Wands
 p - a wand of paralysis (18)
 A - a wand of digging (2)
 C - a wand of fireball (7)
 E - a wand of lightning (3)
 O - a wand of enslavement (6)
Scrolls
 d - 4 scrolls of teleportation
 n - 3 scrolls of fog
 s - a scroll of acquirement
 t - 2 scrolls of enchant weapon
 F - a scroll of enchant armour
 M - 2 scrolls of recharging
 Q - a scroll of fear
Potions
 e - 4 potions of might
 h - 12 potions of curing
 j - a potion of ambrosia {unknown}
 m - 2 potions of lignification
 o - 2 potions of haste
 q - a potion of agility
 u - 3 potions of invisibility
 w - 2 potions of brilliance {unknown}
 z - 3 potions of cure mutation
 Y - a potion of flight {unknown}
 Z - a potion of mutation {unknown}
Books
 X - a book of Ice

   Spells                             Type                      Level
   a - Ice Form                       Ice/Transmutation            4
   b - Metabolic Englaciation         Hexes/Ice                    5
   c - Ozocubu's Refrigeration        Ice                          6
   d - Bolt of Cold                   Conjuration/Ice              6
   e - Freezing Cloud                 Conjuration/Ice/Air          6
   f - Simulacrum                     Ice/Necromancy               6
   Trog disapproves of the use of such an item.
Comestibles
 c - 7 bread rations
 g - 5 chunks of flesh
 H - 6 beef jerkies
 P - 8 slices of pizza
 T - a royal jelly
 W - 4 fruits


   Skills:
 + Level 11.2(9.6) Fighting
 - Level 16.0(14.2) Polearms
 + Level 7.9(6.4) Armour
 + Level 6.8(5.3) Dodging
 - Level 4.1(2.7) Shields
 + Level 10.3(8.7) Evocations


You had 12 spell levels left.
You didn't know any spells.

Dungeon Overview and Level Annotations

Branches:
Dungeon (11/15)            Temple (0/1) D:4            Lair (1/8) D:9
    Orc (4/4) D:11            Elf (0/3) Orc:3

Altars:
Cheibriados
Gozag
Kikubaaqudgha
Nemelex Xobeh
Ru
Trog
Xom
Yredelemnul
Zin
The Shining One

Shops:
D:8 %   D:10 [


Innate Abilities, Weirdness & Mutations

You revert to your normal form in water.
You are very nimble and swift while swimming.
You can translocate small distances at will.
Your spells are a little easier to cast, but a little less powerful.


Message History

You feel yourself moving faster!
You feel mighty!
You are feeling hungry.
The orc high priest prays to Beogh.
The orc warrior closely misses you. The orc warrior barely misses you.
The ice devil hits you but does no damage.
The orange demon barely misses you.
You feel a strong urge to attack something.
The blue devil disappears in a puff of smoke!
The orc high priest barely misses you.
You climb upwards.
There is a stone staircase leading down here.
You are too berserk!
You are too berserk!
You are too berserk!
You are too berserk!
You are too berserk!
You hit the orc sorcerer.
The orc sorcerer is lightly wounded.
The orc warrior hits you with a war axe!
You die...

##### ##.....((....#
##.....)..(...####
#...(........(.#.##
####.......)..[[.(...##
#..........##.[.......##
##........####.........#
###.......#.##)[.....##
##...o>###........##
#.o@...#...[)...###
#...o....[[<#.###.##
#.#.......).#.##...#
###....[....#..#).##
##.....##.......# ###
#.............## ##.#####
##....[#..#..## .......###
######.#........#
.........#####..#####........##


You could see an orc sorcerer and 2 orc warriors.

Vanquished Creatures
  Maud (D:10)
  The ghost of riffraff the Blocker, a journeyman MiFi of Okawaru (D:11)
  Erica (D:8)
  An orc high priest (Bailey)
  The ghost of Starbucks the Cleaver, a novice DrBe of Trog (D:9)
  2 orc knights (Bailey)
  3 hill giants
  An ugly thing (D:11)
  A lindwurm (Bailey)
  An orc sorcerer (Orc:1)
  A black mamba (Lair:1)
  A cyclops (D:11)
  Maurice (D:8)
  An elephant (D:9)
  Psyche (D:10)
  A kobold demonologist (Bailey)
  A centaur skeleton (D:10)
  A komodo dragon (D:11)
  2 polar bears
  Grinder (D:5)
  A wind drake (Bailey)
  5 trolls
  The ghost of onwiheg the Cudgeler, an amateur GrBe of Trog (D:4)
  Sigmund (D:5)
  A hog (D:8)
  4 deep elf magi
  A human (D:8)
  8 yaks
  A hungry ghost (D:7)
  10 deep elf fighters
  2 hippogriffs
  A warg (Orc:3)
  A water moccasin (D:7)
  2 ice beasts
  A wasp (D:9)
  3 sky beasts
  A necrophage (D:9)
  A black bear (D:11)
  16 orc warriors
  2 phantoms
  10 ogres
  5 centaurs
  A crocodile (D:9)
  2 elf zombies (Ossuary)
  13 big kobolds
  A wyvern zombie (D:11)
  2 giant frogs
  2 scorpions
  6 killer bees (D:10)
  2 centaur zombies
  7 wights
  3 crimson imps
  7 electric eels
  A giant frog skeleton (D:11)
  9 hounds
  An iron imp (D:5)
  4 human zombies (Ossuary)
  Crazy Yiuf (D:3)
  Ijyb (D:3)
  A jelly (D:11)
  12 orc priests
  4 iguanas
  14 orc wizards
  Natasha (twice) (D:4)
  8 worker ants
  3 sheep
  2 big kobold zombies (Ossuary)
  2 hound skeletons
  2 mummies (Ossuary)
  A worker ant zombie (D:5)
  11 gnolls
  10 adders
  2 shadow imps
  An ooze (D:5)
  2 adder skeletons
  2 adder zombies
  2 worms
  106 orcs
  2 giant cockroaches
  10 goblins
  16 hobgoblins
  30 kobolds
  4 quokkas
  6 ball pythons
  7 bats
  A giant cockroach zombie (D:5)
  2 giant geckos
  3 giant newts
  2 goblin skeletons (D:5)
  A goblin zombie (Ossuary)
  10 hobgoblin zombies
  10 jackals
  2 jackal zombies
  A kobold skeleton (D:5)
  11 kobold zombies
  7 orc zombies (Ossuary)
  A quokka skeleton (D:5)
  3 rats
  A rat zombie (Ossuary)
482 creatures vanquished.

Vanquished Creatures (collateral kills)
  An oklob plant (Orc:2)
  An orc warrior (Orc:2)
  An orc wizard (Orc:2)
  4 orcs (Orc:2)
7 creatures vanquished.

Vanquished Creatures (others)
  A bat (D:2)
  A giant cockroach (D:2)
  2 ball pythons (D:2)
  A giant newt (D:2)
  A goblin (D:2)
  A rat (D:2)
7 creatures vanquished.

Grand Total: 496 creatures vanquished

Notes
Turn   | Place    | Note
--------------------------------------------------------------
     0 | D:1      | ImaNewbie the Merfolk Berserker began the quest for the Orb.
     0 | D:1      | Reached XP level 1. HP: 18/18 MP: 1/1
   278 | D:1      | Reached skill level 5 in Polearms
   286 | D:1      | Reached XP level 2. HP: 24/24 MP: 2/2
   507 | D:1      | Found a snail-covered altar of Cheibriados.
   549 | D:1      | Reached ** piety under Trog
   882 | D:1      | Reached XP level 3. HP: 19/29 MP: 3/3
  1076 | D:2      | Reached skill level 6 in Polearms
  1254 | D:2      | Found a runed door.
  1254 | D:2      | Noticed a human
  1256 | D:2      | Found a basalt altar of Yredelemnul.
  1778 | D:2      | Found a sacrificial altar of Ru.
  1783 | D:2      | Reached XP level 4. HP: 30/35 MP: 4/4
  1810 | D:2      | Found an opulent altar of Gozag.
  1827 | D:2      | Reached skill level 7 in Polearms
  2259 | D:3      | Noticed Ijyb
  2274 | D:3      | Killed Ijyb
  2463 | D:3      | Reached *** piety under Trog
  2541 | D:3      | Noticed Crazy Yiuf
  2547 | D:3      | Killed Crazy Yiuf
  2547 | D:3      | Reached skill level 8 in Polearms
  2547 | D:3      | Reached XP level 5. HP: 41/41 MP: 5/5
  2739 | D:4      | Found a sand-covered staircase.
  2745 | Ossuary  | Entered an ossuary
  2939 | Ossuary  | Reached skill level 9 in Polearms
  2939 | Ossuary  | Reached XP level 6. HP: 47/47 MP: 6/6
  2961 | Ossuary  | HP: 2/47 [mummy (14)]
  3016 | Ossuary  | Reached skill level 10 in Polearms
  3391 | Ossuary  | Reached XP level 7. HP: 40/52 MP: 7/7
  3414 | Ossuary  | Reached skill level 11 in Polearms
  3652 | D:4      | Noticed a phantom
  3680 | D:4      | Killed a phantom
  3873 | D:4      | Noticed Natasha
  3884 | D:4      | Killed Natasha
  4086 | D:4      | Reached skill level 5 in Fighting
  4447 | D:4      | Found a staircase to the Ecumenical Temple.
  4458 | D:4      | Noticed Natasha
  4471 | D:4      | Killed Natasha
  4479 | D:4      | Noticed onwiheg's ghost (amateur GrBe)
  4499 | D:4      | Killed onwiheg's ghost
  4499 | D:4      | Reached XP level 8. HP: 65/65 MP: 8/8
  4761 | D:5      | Entered Level 5 of the Dungeon
  4782 | D:5      | HP: 3/65 [iguana (8)]
  5084 | D:5      | Noticed Sigmund
  5169 | D:5      | Killed Sigmund
  5218 | D:5      | Found a glowing golden altar of the Shining One.
  5305 | D:5      | Noticed Grinder
  5319 | D:5      | Killed Grinder
  5345 | D:5      | Got a crude chain mail
  5356 | D:5      | Identified the +2 chain mail of Tinityoz {Str-2 Int+6} (You found it on level 5 of the Dungeon)
  6102 | D:6      | Reached XP level 9. HP: 61/78 MP: 9/9
  6139 | D:6      | Reached skill level 10 in Fighting
  6541 | D:6      | Identified a scroll of acquirement
  6542 | D:6      | Got a transparent long sword
  6543 | D:6      | Identified the +1 long sword "Ygiapsec" {antimagic, *Corrode rN+ Str+4} (You acquired it on level 6 of the Dungeon)
  6770 | D:7      | Reached skill level 1 in Shields
  7405 | D:7      | Reached skill level 1 in Evocations
  7619 | D:7      | Gained mutation: Your spells are a little easier to cast, but a little less powerful. [mutagenic meat]
  7620 | D:7      | Gained mutation: You can translocate small distances at will. [mutagenic meat]
  8065 | D:8      | Found a sparkling altar of Nemelex Xobeh.
  8219 | D:8      | Reached skill level 12 in Polearms
  8251 | D:8      | Reached XP level 10. HP: 47/85 MP: 12/12
  8259 | D:8      | Reached **** piety under Trog
  8370 | D:8      | Noticed Erica
  8408 | D:8      | Killed Erica
  8648 | D:8      | Noticed Maurice
  8868 | D:8      | Killed Maurice
  9050 | D:8      | Reached skill level 13 in Polearms
  9050 | D:8      | Reached skill level 5 in Evocations
  9410 | D:8      | Found Gizaduz's Food Emporium.
  9806 | D:9      | Noticed an elephant
  9806 | D:9      | Found a staircase to the Lair.
  9813 | D:9      | Noticed Starbucks's ghost (novice DrBe)
  9814 | D:9      | Found a shimmering altar of Xom.
 10164 | D:9      | Killed Starbucks's ghost
 10164 | D:9      | Reached XP level 11. HP: 91/91 MP: 15/15
 10187 | D:9      | Found a glowing silver altar of Zin.
 10297 | D:9      | Reached skill level 5 in Armour
 10324 | D:9      | Found an ancient bone altar of Kikubaaqudgha.
 10325 | D:9      | Found a bloodstained altar of Trog.
 10347 | D:9      | Found a flagged portal.
 10374 | Bailey   | Entered a bailey
 10485 | Bailey   | Reached skill level 14 in Polearms
 10823 | Bailey   | Noticed an orc knight
 10843 | Bailey   | Killed an orc knight
 11046 | Bailey   | Found an iron altar of Okawaru.
 11051 | Bailey   | Noticed an orc high priest
 11072 | Bailey   | Killed an orc high priest
 11132 | Bailey   | Noticed a lindwurm
 11209 | Bailey   | Killed a lindwurm
 11441 | Bailey   | Noticed an orc knight
 11455 | Bailey   | Killed an orc knight
 12209 | D:9      | Got an encrusted large shield
 12227 | D:9      | Killed an elephant
 12293 | Lair:1   | Entered Level 1 of the Lair of Beasts
 12311 | Lair:1   | Reached skill level 15 in Polearms
 12373 | D:9      | Noticed a hill giant
 12687 | D:9      | Killed a hill giant
 12776 | D:9      | Paralysed by a wasp for 1 turns
 13114 | D:9      | Reached ***** piety under Trog
 13448 | D:10     | Entered Level 10 of the Dungeon
 13673 | D:10     | Reached XP level 12. HP: 97/97 MP: 18/18
 13734 | D:10     | Identified the +3 large shield of Uhap {rPois Regen+} (You found it on level 9 of the Dungeon)
 13779 | D:10     | Noticed Psyche
 13795 | D:10     | Killed Psyche
 13970 | D:10     | Noticed Maud
 13998 | D:10     | Killed Maud
 14397 | D:10     | Reached skill level 16 in Polearms
 14559 | D:10     | Found Ogeikhlu's Armour Shop.
 14688 | D:10     | Got a warped leather armour
 14699 | D:10     | Identified the cursed +1 leather armour "Esotaz" {Dex+3} (You found it on level 10 of the Dungeon)
 14728 | D:11     | Found a staircase to the Orcish Mines.
 14981 | D:11     | Found a bloodstained altar of Trog.
 14987 | D:11     | Noticed riffraff's ghost (journeyman MiFi)
 15119 | D:11     | Killed riffraff's ghost
 15522 | D:11     | Received a gift from Trog
 15875 | D:10     | Reached skill level 5 in Dodging
 16350 | Orc:1    | Entered Level 1 of the Orcish Mines
 16486 | Orc:2    | Paralysed by an orc sorcerer for 7 turns
 17292 | Orc:2    | Received a gift from Trog
 17893 | Orc:3    | Found a staircase to the Elven Halls.
 18202 | Orc:2    | Reached skill level 10 in Evocations
 18775 | Orc:2    | Reached XP level 13. HP: 84/106 MP: 20/20
 19889 | Orc:4    | Entered Level 4 of the Orcish Mines
 19895 | Orc:4    | Paralysed by an orc sorcerer for 6 turns
 19900 | Orc:4    | HP: 1/106 [ice devil[an orc high priest] (22)]
 19904 | Orc:3    | Slain by an orc warrior

Action                   |  1- 3 |  4- 6 |  7- 9 | 10-12 | 13-15 || total
-------------------------+-------+-------+-------+-------+-------++-------
Melee: Spear             |   155 |   283 |   753 |   238 |       ||  1429
       Trident           |       |       |       |  1282 |   181 ||  1463
Invok: Berserk           |     1 |     4 |     6 |    17 |     1 ||    29
       Trog's Hand       |       |     2 |     6 |     7 |     2 ||    17
       Brothers in Arms  |       |       |       |     3 |       ||     3
 Abil: Blink             |       |       |       |     1 |       ||     1
Evoke: Wand              |       |       |       |     4 |       ||     4
  Use: Potion            |       |     1 |       |     2 |       ||     3
       Scroll            |       |       |    18 |    11 |       ||    29
 Stab: Sleeping          |     2 |     1 |     1 |       |       ||     4
       Invisible         |       |     2 |       |       |       ||     2
       Distracted        |       |       |     1 |     1 |       ||     2
       Betrayed ally     |       |       |       |     1 |       ||     1
  Eat: Chunk             |     4 |     6 |    20 |    47 |     4 ||    81
       Fruit             |       |     1 |     1 |     3 |       ||     5
       Beef jerky        |       |     1 |     1 |       |       ||     2
       Meat ration       |       |       |     1 |       |       ||     1
       Royal jelly       |       |       |       |     2 |       ||     2
